 Dungeon Crawl Stone Soup version 0.27-a0-1090-gb115f176c6 (webtiles) character file.

Game seed: 12972772979503315242

1251 tsouns the Fighter (level 8, -3/70 HPs)
             Began as a Demonspawn Brigand on Apr 27, 2021.
             Was an Elder of Cheibriados.
             Slain by a bullfrog (5 damage)
             ... on level 6 of the Dungeon.
             The game lasted 00:07:20 (4985 turns).

tsouns the Fighter (Demonspawn Brigand)             Turns: 4985, Time: 00:07:20

Health: -3/70      AC:  5    Str: 21      XL:     8   Next: 26%
Magic:  8/8        EV: 12    Int: 23 (25) God:    Cheibriados [****..]
Gold:   296        SH:  0    Dex: 22 (25) Spells: 7/7 levels left

rFire    + . .     SeeInvis .   r - +2 short sword (venom)
rCold    . . .     Faith    .   (no shield)
rNeg     . . .     Spirit   .   b - +0 robe
rPois    .         Reflect  .   (helmet restricted)
rElec    .         Harm     .   c - +0 cloak
rCorr    .         Rampage  .   (no gloves)
Will     .....                  (no boots)
Stlth    ++++......             (no amulet)
HPRegen  0.21/turn              i - ring of protection from fire
MPRegen  0.11/turn              (no ring)

@: very slow
A: horns 1, molten scales 1, spiny 2
a: Renounce Religion, Bend Time, Temporal Distortion, Slouch


You were on level 6 of the Dungeon.
You worshipped Cheibriados.
Cheibriados was greatly pleased with you.
You visited 1 branch of the dungeon, and saw 6 of its levels.

You collected 296 gold pieces.

Inventory:

Hand Weapons
 n - a +2 dagger of venom
 r - a +2 short sword of venom (weapon)
 u - a +0 war axe
Missiles
 d - 28 poisoned darts (quivered)
 e - a curare-tipped dart
 g - a throwing net
Armour
 b - a +0 robe (worn)
 c - a +0 cloak (worn)
Jewellery
 i - a ring of protection from fire (left hand)
Wands
 q - a wand of polymorph (6)
 t - a wand of mindburst (17)
Scrolls
 a - a scroll of vulnerability {unknown}
 f - 2 scrolls of teleportation {unknown}
 j - 2 scrolls of blinking {unknown}
 k - a scroll of enchant weapon {unknown}
 l - a scroll of enchant armour {unknown}
 o - 3 scrolls of immolation {unknown}
 s - 4 scrolls of identify {unknown}
Potions
 h - a potion of lignification


   Skills:
 + Level 8.9 Fighting
 - Level 1.7 Short Blades
 - Level 1.7 Throwing
 - Level 0.8 Dodging
 + Level 6.1 Stealth


You had 7 spell levels left.
You didn't know any spells.
Your spell library contained the following spells:

 Spells                   Type           Power      Damage    Failure   Level
 Foxfire                  Conj/Fire      0%         2x1d4     16%         1
 Confusing Touch          Hex            0%         N/A       43%         3
 Conjure Flame            Conj/Fire      0%         6-21      43%         3
 Gell's Gravitas          Tloc           0%         N/A       43%         3
 Inner Flame              Hex/Fire       0%         N/A       43%         3
 Petrify                  Tmut/Erth      0%         N/A       83%         4
 Sticky Flame             Conj/Fire      0%         2d3       83%         4
 Fireball                 Conj/Fire      0%         3d3       99%         5
 Metabolic Englaciation   Hex/Ice        0%         N/A       99%         5
 Yara's Violent Unravell  Hex/Tmut       0%         3d3       99%         5


Dungeon Overview and Level Annotations

Branches:
Dungeon (6/15)             Temple (0/1) D:5

Altars:
Cheibriados
Kikubaaqudgha
Makhleb
Sif Muna
Uskayaw


Innate Abilities, Weirdness & Mutations

You have a pair of small horns on your head.
You are partially covered in molten scales. (AC +2)
You are mostly covered in sharp spines.


Message History

The howler monkey hits you but does no damage.
Unknown command.
You barely miss the howler monkey.
The howler monkey is severely wounded.
Something hits you.
* * * LOW HITPOINT WARNING * * *
The howler monkey hoots and howls with incredible vigour!
Unknown command.
You hit the howler monkey but do no damage.
The howler monkey looks as sick as possible!
The howler monkey is severely wounded.
The howler monkey hits you but does no damage.
Something hits you.
* * * LOW HITPOINT WARNING * * *
Unknown command.
You closely miss the howler monkey.
The howler monkey is almost dead.
The howler monkey is struck by your spines.
You kill the howler monkey!
Cheibriados appreciates the change of pace.
Something hits you.
* * * LOW HITPOINT WARNING * * *
You hit something. Your headbutt misses something.
The bullfrog is struck by your spines. The bullfrog hits you.
* * * LOW HITPOINT WARNING * * *
The bullfrog barely misses you.
You hit the orc wizard.
The orc wizard is poisoned.
The orc wizard is lightly wounded.
The bullfrog barely misses you.
The orc wizard is struck by your spines.
The orc wizard closely misses you.
Cheibriados thoroughly appreciates the change of pace.
Reactivating autopickup.
You feel a bit more experienced.
You hit the orc wizard.
You kill the orc wizard!
Cheibriados thoroughly appreciates the change of pace.
The bullfrog closely misses you. The bullfrog is struck by your spines.
The bullfrog hits you.
You die...

#........####.#
.#...{.......#
#.#..Z....###
#...))#####
##...).####
.........o..####
.###..###...#..#
...[. ##..#Y)#
###.# #...F@#
........{.###
##..........
.$.....####
.......#
.?.....# .##.###
..


You could see an ice beast and a bullfrog.

Vanquished Creatures
  Sigmund (D:2)
  A black bear (D:4)
  A kobold brigand (D:6)
  A gnoll sergeant (D:5)
  A scorpion (D:4)
  2 water moccasin skeletons (D:5)
  A howler monkey (D:6)
  A bullfrog zombie (D:5)
  2 hounds (D:5)
  2 orc priests (D:3)
  A bullfrog skeleton (D:4)
  Natasha (D:4)
  3 iguanas
  7 orc wizards
  A hound skeleton (D:4)
  5 gnolls (D:5)
  8 adders
  2 adder skeletons (D:4)
  2 worms
  A dart slug (D:1)
  13 orcs
  8 endoplasms
  3 giant cockroaches
  7 goblins
  6 hobgoblins
  8 jackals
  3 quokkas
  6 ball pythons
  4 bats
  3 frilled lizards
  7 kobolds
  5 rats
117 creatures vanquished.

Notes
Turn   | Place    | Note
-------+----------+-------------------------------------------
     0 | D:1      | tsouns the Demonspawn Brigand began the quest for the Orb.
     0 | D:1      | Reached XP level 1. HP: 16/16 MP: 1/1
    85 | D:1      | Found a faded altar of an unknown god.
   105 | D:1      | Became a worshipper of Cheibriados the Contemplative
   105 | D:1      | Reached * piety under Cheibriados
   212 | D:1      | Gained mutation: You are partially covered in molten
                  | scales. (AC +2) [demonic ancestry]
   212 | D:1      | Reached XP level 2. HP: 21/23 MP: 2/2
   354 | D:1      | Reached skill level 3 in Fighting
   688 | D:1      | Reached ** piety under Cheibriados
  1059 | D:2      | Gained mutation: You have a pair of small horns on your
                  | head. [demonic ancestry]
  1059 | D:2      | Reached XP level 3. HP: 26/29 MP: 3/3
  1238 | D:2      | Noticed Sigmund
  1371 | D:2      | Killed Sigmund
  1372 | D:2      | Reached skill level 5 in Fighting
  1372 | D:2      | Gained mutation: You are partially covered in sharp spines.
                  | [demonic ancestry]
  1372 | D:2      | Reached XP level 4. HP: 11/40 MP: 4/4
  1372 | D:2      | Reached XP level 5. HP: 12/46 MP: 5/5
  1904 | D:2      | Reached skill level 6 in Fighting
  2163 | D:3      | Found a hide-covered altar of Uskayaw.
  2311 | D:3      | Reached XP level 6. HP: 53/53 MP: 6/6
  2701 | D:3      | Reached *** piety under Cheibriados
  2711 | D:3      | Found a snail-covered altar of Cheibriados.
  2796 | D:3      | Reached skill level 7 in Fighting
  3517 | D:4      | Reached XP level 7. HP: 53/60 MP: 7/7
  3659 | D:4      | Noticed Natasha
  3662 | D:4      | Killed Natasha
  3707 | D:4      | Noticed Natasha
  3923 | D:4      | Reached **** piety under Cheibriados
  3999 | D:5      | Entered Level 5 of the Dungeon
  4013 | D:5      | Reached skill level 8 in Fighting
  4130 | D:5      | Reached skill level 5 in Stealth
  4521 | D:5      | Found a burning altar of Makhleb.
  4540 | D:5      | Gained mutation: You are mostly covered in sharp spines.
                  | [demonic ancestry]
  4540 | D:5      | Reached XP level 8. HP: 69/69 MP: 8/8
  4628 | D:5      | Found a staircase to the Ecumenical Temple.
  4665 | D:5      | Found an ancient bone altar of Kikubaaqudgha.
  4862 | D:5      | Found a shimmering blue altar of Sif Muna.
  4982 | D:6      | HP: 3/70 [something (2)]
  4983 | D:6      | HP: 1/70 [bullfrog (2)]
  4985 | D:6      | Slain by a bullfrog

Illustrated notes

Levels and vault maps discovered:
D:1:      mrwooster_arrival_statue_3, layout_rooms, serial_rivers,
          chequers_serial_rivers_room_b, chequers_serial_rivers_small_b,
          chequers_serial_rivers_room_a, chequers_serial_rivers_large_b,
          chequers_serial_rivers_small_a, ebering_ecumenical_altar_abandoned,
          serial_park_tiny_pond, minmay_misc_feat_more_columns,
          minmay_stone_trees_medium, hangedman_decor_points,
          serial_bayou_crossing
D:2:      layout_rooms, uniq_sigmund
D:3:      layout_loops_corners, lemuel_coloured_pillars_altar,
          nicolae_overflow_crystal_walls, minmay_misc_feat_ornament
D:4:      minmay_diamond_boxcup, layout_loops_ring, uniq_natasha
D:5:      layout_loops_ring, overflow_temple_1_default, bloody_makhleb,
          nicolae_sif_muna_little_library, minmay_temple_entry_stoned_glass,
          st_stairs_1
D:6:      layout_rooms, beargit_hepliaklqana_dungeon_heroes

Skill      XL: |  1  2  3  4  5  6  7  8 |
---------------+-------------------------+-----
Fighting       | 3 5 6 7 8 |  8.9
Stealth        | 5 6 |  6.1
Short Blades   | |  1.7
Throwing       | |  1.7
Dodging        | |  0.8

Action                   |  1- 3 |  4- 6 |  7- 9 || total
-------------------------+-------+-------+-------++-------
Melee: Dagger            |    95 |    27 |       ||   122
       Headbutt          |     5 |    15 |    25 ||    45
       Short sword       |       |    42 |    82 ||   124
Throw: Dart              |     8 |       |       ||     8
Evoke: Wand              |       |       |     3 ||     3
  Use: Potion            |       |       |     5 ||     5
 Stab: Sleeping          |     6 |    10 |    11 ||    27
Armor: Robe              |    26 |    18 |    17 ||    61
       Skin              |       |       |     3 ||     3
Dodge: Dodged            |    51 |    31 |    51 ||   133

Table legend: (Time is in decaauts)
 A = Elapsed time spent in this place.
 B = Non-inter-level travel time spent in this place.
 C = Inter-level travel time spent in this place.
 D = Time resting spent in this place.
 E = Time spent auto-exploring this place.
 F = Levels seen in this place.
 G = Mean time per level.
                   A        B        C        D        E       F      G
               +--------+--------+--------+--------+--------+-----+--------+
         Total |   6784 |   6538 |    246 |      0 |   5615 |   6 | 1130.7 |
       Dungeon |   6784 |   6538 |    246 |      0 |   5615 |   6 | 1130.7 |
               +--------+--------+--------+--------+--------+-----+--------+

Top non-repeatable levels by time:
     D:3: 1818 daAuts
     D:5: 1342 daAuts
     D:1: 1280 daAuts
     D:4: 1187 daAuts
     D:2: 1091 daAuts
     D:6: 64 daAuts
